 Dungeon Crawl Stone Soup version 0.16.2-2-g470672f (webtiles) character file.

166 monobi the Sneak (level 5, -5/36 HPs)
             Began as an Octopode Monk on Sept 3, 2015.
             Slain by monobi's ghost (10 damage)
             ... on level 3 of the Dungeon.
             The game lasted 00:03:39 (1806 turns).

monobi the Sneak (Octopode Monk)                    Turns: 1806, Time: 00:03:40

Health: -5/36      AC:  1    Str: 10    XL:     5   Next: 47%
Magic:  14/14      EV: 13    Int: 12    God:
Gold:   179        SH:  0    Dex: 16    Spells: 0 memorised, 4 levels left

rFire  + . .     SeeInvis .       - Unarmed
rCold  . . .     Clarity  .     (no shield)
rNeg   . . .     SustAb   .     (helmet restricted)
rPois  .         Gourm    .     (no amulet)
rElec  .         Spirit   .     a - ring of magical power
rCorr  .         Warding  .     e - ring of protection from fire
rMut   .         Stasis   .     (no ring)
MR     .....                    (no ring)
Stlth  ++++......               (no ring)
                                (no ring)
                                (no ring)
                                (no ring)

@: flying, not resistant to hostile enchantments, stealthy
A: almost no armour, amphibious, 8 rings, constrict 8, camouflage 1, gelatinous
body 1
a: no special abilities


You were on level 3 of the Dungeon.
You were not hungry.

You visited 1 branch of the dungeon, and saw 3 of its levels.

You collected 179 gold pieces.

Inventory:

Jewellery
 a - a ring of magical power (left tentacle)
 e - a ring of protection from fire (right tentacle)
 r - a +2 ring of intelligence {unknown}
Scrolls
 f - a scroll of teleportation {unknown}
 g - a scroll of noise {unknown}
 h - 2 scrolls of remove curse {unknown}
 i - 3 scrolls of identify {unknown}
 m - a scroll of blinking {unknown}
 o - a scroll of enchant weapon {unknown}
Potions
 c - a potion of lignification {unknown}
 d - a potion of restore abilities {unknown}
 j - a potion of curing {unknown}
 k - a potion of heal wounds {unknown}
 l - 4 potions of degeneration {unknown}
 n - a potion of ambrosia {unknown}
 q - a potion of poison {unknown}
Comestibles
 b - a bread ration


   Skills:
 + Level 3.5 Fighting
 + Level 3.3 Dodging
 * Level 5.5 Stealth
 * Level 5.0 Unarmed Combat


You had 4 spell levels left.
You didn't know any spells.

Dungeon Overview and Level Annotations

Branches:
Dungeon (3/15)

Altars:
Ashenzari
Kikubaaqudgha

Annotations:
D:3 monobi's ghost, average DsMo


Innate Abilities, Weirdness & Mutations

You cannot wear most types of armour.
You are amphibious.
You can wear up to eight rings at the same time.
You can use your tentacles to constrict many enemies at once.
Your skin changes colour to match your surroundings (Stealth).
Your rubbery body absorbs attacks (AC +1).


Message History

You squeeze the orc priest.
You kill the orc priest!
Your Unarmed Combat skill increases to level 5!
Monobi's ghost hits you!
You barely miss monobi's ghost. You tentacle-slap monobi's ghost.
Monobi's ghost is lightly damaged.
Monobi's ghost hits you!
* * * LOW HITPOINT WARNING * * *
You are too injured to fight recklessly!
You are too injured to fight recklessly!
You are too injured to fight recklessly!
Drink which item? (? for menu, Esc to quit)
It was a potion of flight.
You feel very buoyant.
You fly up into the air.
Monobi's ghost barely misses you. The goblin barely misses you.
You see here an orc corpse.
There is an open door here.
Monobi's ghost hits you!
You die...

####........ #####...## ...
#........# .... #.......<# #....
#....#.#.# ... #########....#.#..
.. ###+#.#+#.#.#.#[#.....#.#. ..
.....#.#...#.#.#.#+....#.#.. ..
####.##.#....@#.#.#.#....+#.#.
#'##.⌠#........W#.#.#.#.....#.###
......#.......g#.#.#.#.#.#+#.#.##
.....#####....#.#.#.#)#.#.#.#.###
.....#...#.#'#.#.#.#.#.#.#.#.#.#
._.).+...#..#.#.#.#.#.#.#.#.#.##
.....#...#...#.#.#.#.#.#.#.#.#.##
.....#..##....#.#.#.#.#.#.#.....#
(.....#.......+#.#.#.#.#.#+......


You could see monobi's ghost and a goblin.

Vanquished Creatures
  2 orc priests (D:3)
  5 adders
  2 giant geckos (D:3)
  An ooze (D:3)
  An orc (D:3)
  2 ball pythons
  5 hobgoblins
  9 kobolds
  14 bats
  6 giant cockroaches
  3 giant newts
  2 goblins
  6 rats
58 creatures vanquished.

Vanquished Creatures (others)
  5 toadstools (D:1)
5 creatures vanquished.

Grand Total: 63 creatures vanquished

Notes
Turn   | Place    | Note
--------------------------------------------------------------
     0 | D:1      | monobi, the Octopode Monk, began the quest for the Orb.
     0 | D:1      | Reached XP level 1. HP: 16/16 MP: 1/1
   227 | D:1      | Reached XP level 2. HP: 21/21 MP: 2/2
   949 | D:2      | Reached XP level 3. HP: 26/26 MP: 3/3
  1203 | D:2      | Reached XP level 4. HP: 23/31 MP: 4/4
  1604 | D:3      | Found an ancient bone altar of Kikubaaqudgha.
  1763 | D:3      | Found a shattered altar of Ashenzari.
  1788 | D:3      | Noticed monobi's ghost (average DsMo)
  1788 | D:3      | Reached skill level 5 in Stealth
  1788 | D:3      | Reached XP level 5. HP: 23/36 MP: 5/5
  1793 | D:3      | Reached skill level 5 in Unarmed Combat
  1806 | D:3      | Slain by monobi's ghost

Action                   |  1- 3 |  4- 6 || total
-------------------------+-------+-------++-------
Melee: Unarmed           |    76 |    53 ||   129
  Use: Potion            |       |     1 ||     1
 Stab: Sleeping          |    12 |    10 ||    22
  Eat: Bread ration      |       |     1 ||     1
